Cogmind - Beta 10.1 @@@ ROGUE MODE // 2020.10.06 @ 15:08:04 Player: BOTHUNTER Result: Destroyed by Y-45 Defender with Heavy Assault Rifle Performance ------------- Evolutions (1) 500 Regions Visited (3) 600 Robots Destroyed (14) 70 Value Destroyed (396) 396 Prototype IDs (0) 0 Alien Tech Used (0) 0 Bonus (0) 0 TOTAL SCORE: 1566 Bonus ------- None Cogmind --------- Core Integrity 0/400 Matter 263/300 Energy 99/100 System Corruption 0% Temperature Cool (9) Movement Core (50) Location -9/Materials Parts ------- > --- POWER (1) -------- (None) > --- PROPULSION (2) --- (None) > --- UTILITY (4) ------ Improved Signal Interpreter > --- WEAPON (2) ------- (None) > --- INVENTORY (4) ---- Medium Battery (200) Hacking Suite Trap Extractor Mini Grenade Launcher Peak State ------------ > --- POWER ------------ (None) > --- PROPULSION ------- (None) > --- UTILITY ---------- Targeting Computer Targeting Computer Hacking Suite Trap Extractor > --- WEAPON ----------- Beam Rifle Heavy Assault Rifle > --- INVENTORY -------- Small Storage Unit Medium Battery [Rating: 11] Favorites ----------- Power Light Ion Engine Engine Light Ion Engine Propulsion None Utility Targeting Computer Device Trap Extractor Storage Medium Battery Processor Targeting Computer Hackware Hacking Suite Weapon Mining Laser Energy Gun Medium Laser Ballistic Gun Light Assault Rifle Special Weapon Mining Laser Build | -11 -10 -10 -9 ------- Run | Scr Mat Min Mat Slots Evolved 2 | . . . 2 Power . | . . . . Propulsion . | . . . . Utility 2 | . . . 2 Weapon . | . . . . Parts Attached 19 | 2 4 2 11 Power 1 | . . . 1 Engine 1 | . . . 1 Core . | . . . . Reactor . | . . . . Propulsion . | . . . . Treads . | . . . . Leg . | . . . . Wheel . | . . . . Hover . | . . . . Flight . | . . . . Utility 6 | . . 2 4 Device 1 | . . . 1 Storage 1 | . . . 1 Processor 3 | . . 2 1 Hackware 1 | . . . 1 Protection . | . . . . Artifact . | . . . . Weapon 12 | 2 4 . 6 Energy Gun 3 | 1 . . 2 Energy Cannon . | . . . . Ballistic Gun 4 | 1 2 . 1 Ballistic Cannon . | . . . . Launcher . | . . . . Special Weapon 5 | . 2 . 3 Impact Weapon . | . . . . Slashing Weapon . | . . . . Piercing Weapon . | . . . . Special Melee Weapon . | . . . . Unidentified Prototypes . | . . . . Parts Lost 8 | . 1 . 7 Power . | . . . . Propulsion . | . . . . Utility 3 | . . . 3 Weapon 5 | . 1 . 4 Highest Loss Streak 4 | . 1 . 4 Average Slot Usage (%) 40 | . 26 54 49 Device 2 | . . . 4 Storage 1 | . . . 2 Processor 14 | . . 25 23 Hackware 1 | . . . 4 Energy Gun 5 | . 11 . 1 Ballistic Gun 8 | . 14 . 4 Special Weapon 6 | . . 28 6 Naked Turns . | . . . . Heaviest Build 10 | 3 3 2 10 Greatest Support 3 | 3 3 3 3 Greatest Overweight (x) 3 | . . . 3 Average Overweight (x) . | . . . . Largest Inventory Capacity 4 | 4 4 4 4 Average Capacity 4 | 4 4 4 4 Most Carried 4 | 3 4 4 4 Average Carried 3 | 1 3 4 3 Final Capacity 4 | 4 4 4 4 Final Carried 4 | 3 4 4 4 Class Distribution -------------------- 100% | Mutant Dominant Class ---------------- Mutant | -10/Materials Mutant | -10/Mines Mutant | -9/Materials Resources | -11 -10 -10 -9 ----------- Run | Scr Mat Min Mat Matter Collected 376 | 220 22 . 134 Remotely . | . . . . Salvage Created 446 | . 254 . 192 Parts 25 | . 12 . 13 Haulers Intercepted . | . . . . Recyclers Shooed . | . . . . Parts Field Recycled . | . . . . Retrieved Matter . | . . . . Parts Self-Destructed . | . . . . Prevented . | . . . . Kills | -11 -10 -10 -9 ------- Run | Scr Mat Min Mat Combat Hostiles Destroyed 11 | . 5 . 6 Guns 8 | . 5 . 3 Cannons 3 | . . . 3 Classes Destroyed 4 | . 2 . 2 Operator 3 | . 2 . 1 Swarmer 3 | . . . 3 Grunt 5 | . 5 . . Sentry 3 | . . . 3 Best Kill Streak 3 | . 3 . 2 Combat Bots Only 2 | . 2 . 2 Max Kills in Single Turn 1 | . 1 . 1 Gunslinging . | . . . . Exploded . | . . . . Melee . | . . . . Uniques/NPCs Destroyed . | . . . . Combat | -11 -10 -10 -9 -------- Run | Scr Mat Min Mat Damage Taken 793 | . 118 . 675 Core 443 | . 39 . 404 Absorbed by Shields . | . . . . Core Remaining (%) 92 | 100 . 84 . Volleys Fired 58 | . 27 4 27 Largest 2 | . 2 2 2 Hottest 200 | . 70 200 200 Shots Fired 82 | . 48 6 28 Gun 66 | . 48 . 18 Cannon . | . . . . Launcher . | . . . . Special 16 | . . 6 10 Kinetic 39 | . 27 . 12 Thermal 43 | . 21 6 16 Explosive . | . . . . Electromagnetic . | . . . . Robot Hit Streak 11 | . 8 . 11 Robot Miss Streak 6 | . 6 . 2 Penetration Max . | . . . . Secondary Targets . | . . . . Shots Hit Robots 51 | . 28 . 23 Core Hits 26 | . 16 . 10 Critical Hits . | . . . . Critical Kills . | . . . . Critical Parts Destroyed . | . . . . Melee Attacks . | . . . . Impact . | . . . . Slashing . | . . . . Piercing . | . . . . Sneak Attacks . | . . . . Combat Hostiles . | . . . . Follow-up Attacks . | . . . . Damage Inflicted 705 | . 292 . 413 Guns 549 | . 292 . 257 Cannons . | . . . . Explosions . | . . . . Melee . | . . . . Ramming . | . . . . Kinetic 275 | . 107 . 168 Thermal 430 | . 185 . 245 Explosive . | . . . . Electromagnetic . | . . . . Impact . | . . . . Slashing . | . . . . Piercing . | . . . . Highest Corruption . | . . . . Average Corruption . | . . . . Corruption Purged . | . . . . Overload Shots . | . . . . Overflow Damage . | . . . . Projectiles . | . . . . Explosions . | . . . . Melee . | . . . . Knockbacks . | . . . . Impact . | . . . . Kinetic . | . . . . Secondary . | . . . . Self-Inflicted Damage . | . . . . Shots . | . . . . Rammed . | . . . . Targets Rammed . | . . . . Kicked . | . . . . Crushed . | . . . . Highest Temperature 46 | . 46 46 32 Average Temperature 16 | . 16 19 15 Received Heat Transfer 252 | . 69 . 183 Siege Activations . | . . . . Robots Corrupted . | . . . . Combat Hostiles . | . . . . Parts Fried . | . . . . Impact Corruptions . | . . . . Robots Melted . | . . . . Combat Hostiles . | . . . . Parts Melted 1 | . 1 . . Heat Transferred 1040 | . 518 . 522 Parts Sabotaged . | . . . . Parts Stolen . | . . . . Parts Stripped . | . . . . Power Chain Reactions . | . . . . Missiles Intercepted . | . . . . Alert | -11 -10 -10 -9 ------- Run | Scr Mat Min Mat Peak Influence 265 | . 250 97 265 Initial 97 | . . 97 37 Average 120 | . 114 97 140 Maximum Alert Level 1 | . 1 . 1 Low Security (%) 85 | 100 83 100 83 Level 1 14 | . 16 . 16 Level 2 . | . . . . Level 3 . | . . . . Level 4 . | . . . . Level 5 . | . . . . High Security . | . . . . Max Security . | . . . . Squads Dispatched 4 | . 3 . 1 Investigation 2 | . 1 . 1 Extermination . | . . . . Reinforcement 2 | . 2 . . Assault . | . . . . Garrison . | . . . . Intercept . | . . . . Construction Impeded . | . . . . Haulers Reinforced . | . . . . Stealth | -11 -10 -10 -9 --------- Run | Scr Mat Min Mat Distress Signals 2 | . 1 . 1 Communications Jammed . | . . . . Distress Signals . | . . . . Times Spotted 25 | . 12 . 13 Peak Tracking Total 5 | . 4 . 5 Tactical Retreats 4 | . 2 . 2 Traps | -11 -10 -10 -9 ------- Run | Scr Mat Min Mat Traps Triggered . | . . . . Indirectly . | . . . . Trap Hack Attempts . | . . . . Triggered . | . . . . Disarmed . | . . . . Reprogrammed . | . . . . Reused . | . . . . Traps Extracted . | . . . . Installed . | . . . . Triggered . | . . . . Machines | -11 -10 -10 -9 ---------- Run | Scr Mat Min Mat Machines Disabled . | . . . . Max in Single Turn . | . . . . Machines Sabotaged . | . . . . Garrisons Compromised . | . . . . Overloaded Fab Kills . | . . . . Fab Network Shutdowns . | . . . . Hacking | -11 -10 -10 -9 --------- Run | Scr Mat Min Mat Machines Accessed 10 | . 4 . 6 Terminals 9 | . 4 . 5 Fabricators . | . . . . Repair Stations . | . . . . Recycling Units . | . . . . Scanalyzers 1 | . . . 1 Garrison Access . | . . . . Total Hacks 36 | . 19 . 17 Successful 21 | . 10 . 11 Failed 15 | . 9 . 6 Catastrophic 1 | . . . 1 Database Lockouts . | . . . . Manual 33 | . 19 . 14 Terminals 34 | . 19 . 15 Fabricators . | . . . . Repair Stations . | . . . . Recycling Units . | . . . . Scanalyzers 2 | . . . 2 Garrison Access . | . . . . Terminal Hacks 10 | . 6 . 4 Part Schematic 1 | . 1 . . Robot Analysis 4 | . 4 . . Level Access Points 1 | . . . 1 Branch Access Points 1 | . 1 . . Terminal Index 1 | . . . 1 Locate Traps 2 | . . . 2 Fabricator Hacks . | . . . . Repair Station Hacks . | . . . . Recycling Unit Hacks . | . . . . Scanalyzer 2 | . . . 2 Insert Component 1 | . . . 1 Analyze 1 | . . . 1 Garrison Access Hacks . | . . . . Unauthorized Hacks 9 | . 4 . 5 Terminals 9 | . 4 . 5 Track 2 | . 1 . 1 Assimilate 1 | . . . 1 Botnet 6 | . 3 . 3 Fabricators . | . . . . Repair Stations . | . . . . Recycling Units . | . . . . Scanalyzers . | . . . . Garrison Access . | . . . . Data Cores Recovered 1 | . . . 1 Used 1 | . . . 1 Hacking Detections 7 | . 3 . 4 Full Trace Events 3 | . 2 . 1 Feedback Events . | . . . . Feedback Blocked . | . . . . Robot Schematics Acquired . | . . . . Robots Built . | . . . . Matter . | . . . . Time . | . . . . Total Robot Build Rating . | . . . . Part Schematics Acquired 2 | . 1 . 1 Parts Built . | . . . . Matter . | . . . . Time . | . . . . Total Part Build Rating . | . . . . Parts Repaired . | . . . . Time . | . . . . Parts Recycled . | . . . . Recycled Matter . | . . . . Retrieved Matter . | . . . . Retrieved Components . | . . . . Parts Scanalyzed 1 | . . . 1 Part Schematics Acquired 1 | . . . 1 Parts Damaged . | . . . . Bothacking | -11 -10 -10 -9 ------------ Run | Scr Mat Min Mat Used RIF Installer . | . . . . Robots Hacked . | . . . . Non-combat . | . . . . Combat . | . . . . Robot Hacks Applied . | . . . . Relay Couplers Released . | . . . . Robots Rewired . | . . . . Allies Hacked . | . . . . Hacks Repelled . | . . . . Allies | -11 -10 -10 -9 -------- Run | Scr Mat Min Mat Total Allies 1 | . . . 1 Largest Group 1 | . . . 1 Highest-Rated Group 10 | . . . 10 Highest-Rated Ally 10 | . . . 10 Total Orders . | . . . . Ally Attacks . | . . . . Total Damage . | . . . . Kills . | . . . . Allies Corrupted . | . . . . Allies Melted . | . . . . Intel | -11 -10 -10 -9 ------- Run | Scr Mat Min Mat Robot Analysis Total 4 | . 4 . . Derelict Logs Recovered . | . . . . Drone Launches . | . . . . Drone Recoveries . | . . . . Exploration | -11 -10 -10 -9 ------------- Run | Scr Mat Min Mat Turns Passed 881 | 31 342 102 406 Spaces Moved 864 | 51 315 154 344 Core 864 | 51 315 154 344 Treads . | . . . . Legs . | . . . . Wheels . | . . . . Hover . | . . . . Flight . | . . . . Fastest Speed 50 | 50 50 50 50 Average Speed 54 | 50 50 50 60 Slowest Speed 200 | 50 50 50 200 Overloaded Moves . | . . . . Propulsion Burnouts . | . . . . Robots Hopped . | . . . . Cave-ins Triggered . | . . . . Exploration Rate (%) 27 | 3 48 30 28 Regions Visited 3 Branch Regions 1 Pre-discovered Areas . | . . . . Known Exits Taken 1 | . 1 . . Unknown Exits Taken 2 | 1 . 1 . Scrap Searched . | . . . . Spaces Dug 4 | . . 4 . Terrain Destroyed 8 | . . 5 3 Melee . | . . . . Projectile 8 | . . 5 3 AOE . | . . . . Terrain Rammed . | . . . . Walls Destroyed . | . . . . Machines Disabled . | . . . . Actions | -11 -10 -10 -9 --------- Run | Scr Mat Min Mat Total 1164 | 55 456 159 494 Wait 206 | . 105 . 101 Move 861 | 50 314 153 344 Hop . | . . . . Pick Up 7 | 3 2 . 2 Fast Attach 15 | 2 3 2 8 Attach 3 | . . . 3 Detach 3 | . . . 3 Swap 1 | . 1 . . Drop 10 | . 4 . 6 Fire 58 | . 27 4 27 Melee . | . . . . Ram . | . . . . Kick . | . . . . Crush . | . . . . Escape Stasis . | . . . . Rewire . | . . . . Trap . | . . . . Miscellaneous . | . . . . Route ------- -11/Scrapyard -10/Materials (discovered 2 exits: *Min x2) -10/Mines -9/Materials (discovered 5 exits: Mat x3 / [*Min] / [*Sto]) History --------- Turn | Location | Event 2 | -11/Scrapyard | Met Revision 17 4 | -11/Scrapyard | Discovered new exit (range 15) 32 | -11/Scrapyard | Entered Materials 318 | -10/Materials | Build established: Mutant 350 | -10/Materials | Identified exit to Mines 374 | -10/Materials | Entered Mines 378 | -10/Mines | Met a Derelict bent on vengeance 388 | -10/Mines | Discovered new exit (range 8) 476 | -10/Mines | Entered Materials 476 | -9/Materials | Evolved 2 slots: Utility x2 820 | -9/Materials | Discovered new exit (range 15) 852 | -9/Materials | Discovered new exit (range 15) 873 | -9/Materials | Core integrity fell below 50% 878 | -9/Materials | Core integrity fell below 20% 878 | -9/Materials | Identified exit to Materials 882 | -9/Materials | Destroyed by Y-45 Defender with Heavy Assault Rifle Last Messages --------------- 00870_ Hvy. Assault Rifle destroyed. 00870_ Targeting Computer destroyed. 00870_ Hacking Suite destroyed. 00870_ Targeting Computer destroyed. 00875_ Connecting with Terminal... >>Trojan(Botnet) Trojan loaded successfully. Testing... Terminal linked with 2 systems. Awaiting botnet instructions. 00875_ ALERT: Suspicious activity at Terminal M011. Dispatching Investigation squad. 00878_ Connecting with Terminal... >>Access(Main) Found 3 level access points to Materials: (88,52) (53,10) (53,89) Map updated. 00879_ R-06 Scavenger collects Hover Unit. Map ----- +----------------------------------------------------+ | | | | | | | | | | | | | | | | | | | | | ?????????????????????????????????????????????????? | | ?????????????????????????????????????????????????? | | ?????????????????????????????????????????????????? | | ?????????????????????????????????????????????????? | | ?????????????????????????????????????????????????? | | ????????????????????????????#????????????????????? | | ???????????????????????????? ???????????????????? | | ???" "???????????????????? ??????????????????? | | ?# ???????????????????? < ?????????????????? | | ?? < ???????????????????? ??????????????????? | | ?? ???????????????????? ??????????????????< | | ??? ????????????????????# #??????????????????? | | ??? ????????????????????# #??????????????????? | | ???# #??????????????###+###g###????????????????? | | ???# #????????####### ##########???????? | | ???+ +???????+ @ # #???????? | | ???# #?????????###### Y # ! "T" #??#####?? | | ???# #??????????????### Y # # #?? | | ???#^^^#???#######??????# ; # ! #?? | | ???# ##### ######## ! ; = %* " / | | #### r ; = = " #?? | | ! # ; t " #?? | | # """ =*; " #?? | | # """ ### ; ""######?? | | # """ ###### # ###T#####; " #??????? | | ^+= # # T####???#;! "##??????? | | "" # ! *[ # """ # ##??????#";;;;""""#???????? | | "" # =%! # """ # #???????### ?????? | | "" ## ### # """ # #?????????# ????? | | ## #?# # # #?????????# ????? | | ## #?# # """ # #?????????# #######+????? | | ## #?# + """ # #?????????# #???????????? | | " ## #?# # """ # #?????????? #???????????? | | " ## #?##### # #?????????? #???????????? | | ##### #?????# """ # #?????????? #???????????? | | ????# #?????# """ #^^^#??????????? ????????????? | | ????# #?????# """ # #?????????????????????????? | | ????# #?????# !# ??????????????????????????? | | ????# #?????######## ??????????????????????????? | | ????# #????????????? ??????????????????????????? | +----------------------------------------------------+ Best States ------------- Heat Dissipation 28 Energy Generation 10 Energy Capacity 300 Matter Stores 300 Matter Capacity 300 Sight Range 16 Terrain Scan Density 10 Evasion (%) 50 Targeting Accuracy 10 Offensive Hacking 10 Item Schematics ----------------- Propulsion Shielding | -10/Materials | Hacked Hacking Suite | -9/Materials | Scanalyzed Robot Schematics ------------------ None Fabricated ------------ Nothing Alien Tech Used ----------------- None Achievements -------------- None Challenges ------------ None Game ------ Seed NuclearRagnarokInterpreter Manual? 0 Play Time 00:21:37 Cumulative 110.8 hours Start 2020.10.06 @ 14:41:41 End 2020.10.06 @ 15:08:04 Sessions 1 Manual Loads 0 Difficulty Rogue Special Mode None Game No. 165 Rogue 141 Adventurer 22 Explorer 2 Win Type - Total 1 Types 1/0/0/0/0/0/0/0/0 Lore% 49 Gallery% 53 Achievement% 43 Wizard Run 0 Options --------- ASCII 0 Keyboard 0 Movement Numpad Keybinds 0 Fullscreen 1 Font 14/SmallcapsGlow Map View 84x54 Tactical HUD 1 Map Filters NONE Filters NONE Steam 1 RUN: 5b299026-9198-49c0-9d0b-3eb9581e50c4